Map: Oxide LE

Players

Massa - Winner!

  • Race: Terran Terran
  • League: Platinum
  • Spawn Location: 1:00

Diggahs

  • Race: Zerg Zerg
  • League: Gold
  • Spawn Location: 7:00

VOD

Have the link to the VOD?

Description

Time

  • Played on: Oct. 27, 2020, 3 p.m.
  • Length: 16:39
Show
View Real Time Build Order
Export as new Build Order

Massa Terran - Winner!

Build Orders:  

Get SALT Encoding   

  12  0:00  SCV  
  14  0:14  SCV  
  14  0:19  Supply Depot  
  14  0:26  SCV  
  15  0:41  SCV  
  15  0:42  Barracks  
  16  0:52  Refinery  
  16  0:53  SCV  
  17  1:05  SCV  
  18  1:17  SCV  
  19  1:30  SCV  
  20  1:35  Command Center  
  20  1:42  Orbital Command  
  20  1:45  Reaper  
  21  2:04  Supply Depot  
  21  2:17  SCV  
  22  2:25  Marine  
  22  2:28  Bunker  
  24  2:30  SCV  
  24  2:39  Factory  
  24  2:43  SCV  
  25  2:49  Barracks Reactor  
  25  2:55  SCV  
  26  3:19  Orbital Command  
  26  3:20  SCV  
  27  3:32  SCV  
  27  3:33  Command Center  
  28  3:35  Factory Reactor  
  28  3:36  Barracks, Marine x2  
  30  3:43  Refinery  
  30  3:44  SCV  
  30  3:46  Engineering Bay  
  30  3:47  SCV  
  32  3:54  Marine x2  
  34  3:56  SCV  
  34  3:59  SCV  
  34  4:00  Starport  
  36  4:05  Supply Depot  
  36  4:08  SCV  
  37  4:12  Marine x2  
  38  4:27  Hellion x2  
  38  4:29  Barracks Tech Lab  
  38  4:30  SCV x2, Marine x2  
  48  4:40  Viking  
  48  4:42  SCV x2  
  50  4:47  Refinery  
  50  4:48  Hellion x2  
  50  4:52  Refinery  
  54  4:54  SCV x2  
  54  4:57  Marine x2  
  58  5:00  Marine  
  58  5:02  Stimpack  
  58  5:06  SCV  
  60  5:07  Orbital Command  
  60  5:10  Hellion x2, Medivac  
  66  5:14  SCV  
  66  5:18  SCV  
  68  5:26  SCV  
  68  5:27  Missile Turret  
  69  5:40  Starport Tech Lab  
  69  5:42  Supply Depot x2  
  69  5:45  Supply Depot  
  69  5:48  Missile Turret  
  69  6:03  SCV  
  70  6:09  Missile Turret  
  70  6:17  Marine  
  70  6:18  Marauder, Marine  
  74  6:21  SCV  
  74  6:22  SCV x2  
  77  6:26  Banshee  
  80  6:33  SCV  
  80  6:35  Marine  
  80  6:39  Marauder  
  82  6:42  Combat Shield  
  80  6:54  Widow Mine x2  
  80  6:59  Marine  
  80  7:00  Marauder, Marine  
  84  7:08  Barracks  
  84  7:09  Banshee, Barracks  
  84  7:12  Factory  
  91  7:15  Widow Mine x2  
  91  7:17  Marine x2  
  93  7:35  Missile Turret  
  93  7:36  Missile Turret x2  
  93  7:40  Orbital Command  
  93  7:41  Missile Turret  
  93  7:42  Supply Depot  
  93  7:43  Supply Depot  
  93  7:57  Supply Depot  
  93  7:58  Barracks  
  93  8:00  Supply Depot  
  93  8:03  Marine x2, Sensor Tower  
  93  8:04  Widow Mine, SCV x2, Marauder  
  101  8:12  Factory Tech Lab  
  101  8:13  Concussive Shells  
  101  8:15  Barracks Reactor, Barracks Tech Lab  
  101  8:16  SCV x2  
  103  8:21  Marine x2  
  103  8:25  Marauder  
  107  8:28  SCV x2  
  107  8:29  SCV  
  110  8:39  Marine x2  
  110  8:40  SCV x2  
  110  8:41  SCV  
  115  8:47  Marauder  
  117  8:49  Marauder, Marine  
  117  8:52  SCV x2  
  117  8:53  SCV  
  123  8:57  Marine x2  
  116  9:07  Marine  
  116  9:08  Marauder  
  119  9:10  Marauder  
  119  9:15  Marine x2  
  122  9:21  Marine x2  
  122  9:23  Siege Tank  
  122  9:24  Widow Mine x2  
  122  9:28  Cloaking Field  
  122  9:30  Marauder  
  125  9:33  Marine  
  125  9:34  Barracks Reactor  
  125  9:42  Supply Depot  
  125  9:43  Supply Depot  
  125  9:45  Supply Depot  
  125  9:48  Missile Turret  
  125  10:03  Marine x2  
  125  10:04  Widow Mine x2, Marauder, Supply Depot  
  125  10:05  Marine x2, Siege Tank  
  138  10:07  Supply Depot  
  138  10:09  Supply Depot x3  
  138  10:10  Supply Depot x2  
  138  10:12  Supply Depot  
  138  10:16  Refinery  
  138  10:17  Refinery  
  138  10:18  Engineering Bay  
  138  10:21  Marine  
  138  10:22  Marine  
  138  10:24  Armory  
  138  10:25  Widow Mine, Armory, Marauder  
  142  10:29  Banshee  
  142  10:35  Supply Depot  
  145  10:37  Siege Tank  
  148  10:46  Marauder  
  147  11:01  Marine  
  147  11:02  Marine  
  134  11:08  Marauder  
  130  11:12  Banshee  
  133  11:29  Marauder  
  128  11:46  Command Center  
  128  11:50  Marauder  
  128  11:52  Sensor Tower  
  128  11:54  SCV x2  
  131  11:55  Banshee  
  135  12:06  SCV x2  
  115  12:18  SCV x2  
  115  12:19  Command Center  
  115  12:21  Marauder, Marine  
  115  12:22  Marine x2  
  122  12:30  SCV x2  
  117  12:38  Banshee  
  117  12:41  Marine x6  
  117  12:42  Marauder  
  128  12:58  Marine  
  128  12:59  Marine x5  
  128  13:02  Supply Depot  
  128  13:04  Marauder  
  136  13:16  Marine  
  136  13:17  Marine x5  
  141  13:20  Siege Tank  
  141  13:21  Banshee  
  141  13:22  Widow Mine x2  
  141  13:25  Marauder, Planetary Fortress, Supply Depot  
  150  13:34  Marine  
  150  13:35  Marine x5  
  148  13:43  Widow Mine x2  
  148  13:47  Marauder, Supply Depot  
  151  13:52  Siege Tank  
  154  13:58  Marine  
  154  13:59  Marine x5  
  160  14:04  Banshee  
  160  14:07  Marine  
  164  14:16  Marine x4  
  164  14:17  Marine  
  168  14:25  Siege Tank  
  168  14:26  Marauder  
  168  14:47  Marauder  
  170  14:57  Siege Tank  
  167  15:08  Marauder  
  167  15:12  Command Center  
  158  15:14  Command Center  
  158  15:17  Marine x6  
  164  15:30  Marauder  
  164  15:34  Marine  
  164  15:35  Marine x5  
  172  15:51  Marauder  
  172  15:52  Marine  
  172  15:53  Marine x5  
  180  16:10  Marine x2  
  182  16:13  Marauder  
Show
View Real Time Build Order
Export as new Build Order

Diggahs Zerg 

Build Orders: Hatch First 

Get SALT Encoding   

  12  0:02  Drone  
  13  0:15  Overlord  
  13  0:19  Drone  
  14  0:33  Drone x2  
  16  0:50  Hatchery  
  16  0:53  Drone  
  17  0:57  Drone  
  17  1:01  Drone  
  18  1:05  Extractor  
  17  1:17  Spawning Pool  
  16  1:20  Drone  
  16  1:23  Drone  
  18  1:31  Drone  
  19  1:42  Drone  
  20  1:53  Overlord  
  20  2:05  Metabolic Boost  
  20  2:06  Queen  
  20  2:07  Queen  
  24  2:09  Zergling x2  
  24  2:12  Zergling x2  
  26  2:16  Drone  
  27  2:26  Drone x2  
  27  2:27  Drone  
  30  2:40  Drone x2  
  31  2:52  Drone x2  
  31  2:54  Queen  
  35  3:06  Drone  
  36  3:21  Overlord  
  36  3:22  Overlord  
  36  3:38  Hatchery  
  35  3:42  Drone x6  
  35  3:43  Baneling Nest  
  40  3:54  Queen x2  
  44  3:57  Drone x2  
  44  4:00  Extractor  
  45  4:04  Spore Crawler  
  44  4:16  Drone x3  
  44  4:17  Drone x2  
  49  4:18  Overlord x2  
  49  4:26  Roach Warren  
  48  4:43  Drone x4  
  52  4:58  Lair  
  52  5:00  Extractor  
  52  5:02  Drone x7, Extractor  
  52  5:03  Drone, Queen  
  60  5:10  Drone x3  
  63  5:34  Evolution Chamber  
  63  5:35  Evolution Chamber  
  61  5:39  Roach x5  
  61  5:40  Roach  
  61  5:42  Overlord x2  
  73  5:43  Overlord x2  
  73  5:57  Overlord x3  
  73  6:01  Spine Crawler  
  72  6:04  Spine Crawler  
  72  6:06  Extractor  
  72  6:07  Extractor, Zergling x6  
  72  6:08  Zergling x8  
  76  6:20  Zergling x4  
  76  6:21  Zergling x8  
  72  6:49  Drone x5  
  72  6:50  Drone x2  
  78  6:56  Zerg Melee Weapons Level 1, Zerg Ground Armor Level 1  
  78  6:58  Drone  
  78  6:59  Drone  
  80  7:06  Centrifical Hooks  
  80  7:15  Hatchery  
  80  7:20  Baneling x4  
  80  7:21  Baneling x6  
  79  7:23  Drone x5  
  83  7:31  Spore Crawler  
  83  7:33  Spore Crawler  
  83  7:35  Drone x5  
  86  7:42  Drone x3  
  86  7:43  Drone x3  
  91  8:14  Roach  
  91  8:15  Roach x8  
  91  8:16  Zergling x6  
  112  8:32  Drone  
  113  8:38  Spore Crawler  
  90  9:22  Roach x3  
  90  9:23  Roach x8  
  90  9:24  Roach  
  114  9:31  Nydus Network  
  113  9:39  Roach x7  
  127  9:55  Overlord x6  
  127  10:07  Glial Reconstitution  
  127  10:10  Zerg Ground Armor Level 2, Zerg Missile Weapons Level 1  
  126  10:35  Nydus Canal  
  126  10:37  Zergling x2  
  126  10:38  Zergling x16  
  126  10:39  Zergling x12  
  141  10:45  Zergling x8  
  131  11:27  Zergling x12  
  131  11:28  Zergling x14  
  120  11:37  Baneling x2  
  120  11:38  Baneling x6  
  100  11:46  Drone  
  93  12:24  Roach x2  
  93  12:25  Roach x7  
  93  12:26  Roach x6  
  106  12:39  Baneling x4  
  106  12:40  Baneling x7  
  106  12:41  Baneling  
  105  13:01  Overseer x3  
  105  13:12  Spore Crawler  
  104  13:14  Spore Crawler  
  91  14:03  Zergling x10  
  91  14:04  Zergling x14  
  91  14:05  Zergling x6  
  106  14:29  Drone x6, Hydralisk Den  
  106  14:30  Drone x2  
  113  14:35  Hatchery  
  112  14:38  Baneling x2  
  112  14:39  Baneling x7  
  112  14:40  Baneling x7  
  112  14:41  Baneling x3  
  67  15:11  Zergling x12  
  67  15:12  Zergling x14  
  74  15:20  Queen x2  
  78  15:32  Hatchery, Hydralisk x5  
  87  15:41  Hydralisk x4  
  95  15:45  Baneling x5  
  95  15:46  Baneling x8  
  95  15:47  Baneling x8  
  95  15:48  Baneling x3  
  95  15:49  Roach x3  
  101  15:53  Hydralisk x3  
  101  15:54  Hydralisk x4  
  113  16:07  Hydralisk x7  
Tags
 
Matchup
TvZ
Replay Pack
Multiplayer
Spawn Locations
Cross Positions
Add a new tag
Caveats
  • Supply blocks, unpowered buildings, or Contaminate may cause inaccurate times.
  • Supply counts are checked every 10 seconds.